Icehogs vs Carnivores
(R1)
Created - 19 avril 2013 at 00:39
Goals
|
| Icehogs |
3 |
1 |
1 |
5 |
| Carnivores |
1 |
2 |
0 |
3 |
|
Shots
|
| Icehogs |
14 |
4 |
12 |
30 |
| Carnivores |
14 |
8 |
7 |
29 |
|
1st period
1. Carnivores , Andy Miele 24 (Josef Melichar) at 4:33
2. Icehogs , Milan Jurcina 4 (Josh Hennessy, Jason King) at 12:15
3. Icehogs , Stanislav Chistov 28 (Andrew Murray) at 12:25
4. Icehogs , Travis Moen 11 (Jason King, Josh Hennessy) at 16:16
Penalties :
Keith Aulie (Bre) for Tripping (Minor) at 13:28, Karl Alzner (Roc) for Interference (Minor) at 13:28, Keith Aulie (Bre) for Roughing (Minor) at 19:39
2nd period
5. Icehogs , Travis Moen 12 (Jason King, Karl Alzner) at 4:34
6. Carnivores , Evgeny Dadonov 16 (Manny Malhotra) at 6:36
7. Carnivores , Chris Lawrence 3 (Andrew Ference, Manny Malhotra) at 13:16
Penalties :
Jeremy Welsh (Bre) for Charging (Minor) at 2:03, Travis Moen (Roc) for Cross-checking (Minor) at 9:53, Brett Sterling (Roc) for Hooking (Minor) at 15:27, Karl Alzner (Roc) for Holding (Minor) at 18:04
3rd period
8. Icehogs , Andrew Murray 6 (Stanislav Chistov, Ville Nieminen) at 17:57
Penalties :
Gilbert Brule (Roc) for Slashing (Minor) at 1:27, B.J. Crombeen (Roc) for Hooking (Minor) at 1:36, Jeremy Welsh (Bre) for Hooking (Minor) at 7:01, Milan Jurcina (Roc) for Hooking (Minor) at 11:57
Goalie Stats
José Theodore (Roc), 26 saves from 29 shots - (0,897), W, 28-20-4, 60:00 minutes
Steve Mason (Bre), 11 saves from 15 shots - (0,733), L, 9-8-5, 24:34 minutes
Josh Tordjman (Bre), 14 saves from 15 shots - (0,933), 35:26 minutes
Players Stats for Icehogs
Player Name G A P +/- PIM S H SB GA TA FO MP PP MP PK MP
------------------------------------------------------------------------------------
Andrew Murray 1 1 2 1 0 2 3 0 0 0 3/10 12:30 2:17 0:54
B.J. Crombeen 0 0 0 -1 2 0 3 0 1 0 5/9 23:57 3:15 4:19
Brett Sterling 0 0 0 -1 2 1 1 0 1 0 0/0 8:13 0:00 1:18
Chris Mueller 0 0 0 -1 0 2 1 0 0 0 3/6 6:54 0:00 0:00
Dylan Hunter 0 0 0 0 0 0 0 0 1 0 0/0 6:59 0:00 0:23
Gilbert Brule 0 0 0 -1 2 3 3 0 2 0 15/23 19:24 3:15 2:06
Jason King 0 3 3 3 0 3 3 1 0 0 0/0 11:07 0:25 0:00
Josh Hennessy 0 2 2 3 0 4 1 0 0 0 5/9 11:18 0:25 0:11
Karl Alzner 0 1 1 2 4 1 2 0 0 1 0/0 21:05 2:05 3:37
Milan Jurcina 1 0 1 1 2 3 3 5 0 1 0/0 21:06 2:05 3:43
Nikolai Kulemin 0 0 0 -1 0 0 1 1 2 0 0/0 18:23 2:17 2:04
Ryan Parent 0 0 0 0 0 0 2 0 2 3 0/0 31:24 3:52 6:02
Ryan Shannon 0 0 0 -1 0 3 0 0 0 0 3/4 11:42 0:25 2:46
Shane Sims 0 0 0 0 0 0 0 0 0 0 0/0 10:06 0:00 0:56
Stanislav Chistov 1 1 2 1 0 3 2 0 1 0 1/3 11:36 2:17 0:00
Travis Moen 2 0 2 3 2 2 1 0 0 1 0/0 10:30 0:00 0:00
Ville Nieminen 0 1 1 1 0 1 0 0 1 2 0/0 20:03 3:15 4:27
Vladimir Mihalik 0 0 0 1 0 2 5 4 0 2 0/0 29:43 3:52 5:39
Players Stats for Carnivores
Player Name G A P +/- PIM S H SB GA TA FO MP PP MP PK MP
------------------------------------------------------------------------------------
Andrew Ference 0 1 1 -2 0 3 3 1 2 1 0/0 23:51 5:54 3:00
Andy Miele 1 0 1 0 0 4 1 0 3 0 1/1 19:33 4:56 0:00
Blake Geoffrion 0 0 0 0 0 1 3 0 0 0 0/0 15:44 5:01 0:03
Bobby Sanguinetti 0 0 0 -2 0 2 3 2 0 2 0/0 19:47 4:10 0:55
Cal O'Reilly 0 0 0 -1 0 1 0 0 1 0 0/1 6:23 0:00 0:00
Chris Butler 0 0 0 -1 0 0 0 1 0 0 0/0 10:54 0:00 0:01
Chris Lawrence 1 0 1 -1 0 4 3 1 1 0 1/2 13:38 0:07 2:55
Christopher DiDomenico 0 0 0 -1 0 0 0 0 0 0 0/0 6:57 0:07 0:00
David Van Der Gulik 0 0 0 -1 0 4 0 1 0 0 3/6 10:56 0:19 0:00
Evgeny Dadonov 1 0 1 0 0 3 0 1 0 1 0/3 15:17 5:01 0:00
Jeff Friesen 0 0 0 0 0 3 1 1 1 2 1/4 23:56 4:56 2:58
Jeremy Welsh 0 0 0 -1 4 0 0 0 1 1 0/0 10:35 0:00 0:00
Josef Melichar 0 1 1 1 0 1 0 0 1 2 0/0 24:37 3:52 2:57
Keith Aulie 0 0 0 1 4 0 1 0 0 0 0/0 25:22 5:54 2:04
Manny Malhotra 0 2 2 0 0 0 1 0 0 0 10/15 19:34 5:01 2:59
Mikael Backlund 0 0 0 0 0 2 2 0 0 0 13/31 19:36 4:44 0:00
Phil Oreskovic 0 0 0 -1 0 1 1 1 0 1 0/0 15:32 0:18 2:57
Tim Conboy 0 0 0 -1 0 0 0 0 0 1 0/1 9:48 0:00 2:59
3 Stars
1 - Jason King (Roc)
2 - Travis Moen (Roc)
3 - Andrew Murray (Roc)
Power Play
Icehogs - 0 on 3 Attempt(s) - 0,00%
Carnivores - 0 on 6 Attempt(s) - 0,00%
Penalty Kill
Icehogs - 6 on 6 Attempt(s) - 100,00%
- Score 0 goal in Penalty Kill
Carnivores - 3 on 3 Attempt(s) - 100,00%
- Score 0 goal in Penalty Kill
Official
Referees : Walsh Ian and Auger Stephane
Linesman : Mark Pare and Darren Gibbs
Game Notes
Josh Tordjman enters game at 4:34 of 2nd period
Icehogs
5 vs 5 Forward
Center Left Wing Right Wing Time % Phy DF OF
1 Gilbert Brule Nikolai Kulemin B.J. Crombeen 40 1 2 2
2 Andrew Murray Ville Nieminen Stanislav Chistov 30 1 2 2
3 Josh Hennessy Travis Moen Jason King 20 1 2 2
4 Chris Mueller Brett Sterling Ryan Shannon 10 1 2 2
5 vs 5 Defense
Defense Defense Time % Phy DF OF
1 Ryan Parent Vladimir Mihalik 40 1 2 2
2 Milan Jurcina Karl Alzner 30 1 2 2
3 Shane Sims Ryan Parent 20 1 2 2
4 Vladimir Mihalik Dylan Hunter 10 1 2 2
PowerPlay Forward
Center Left Wing Right Wing Time % Phy DF OF
1 Gilbert Brule Ville Nieminen B.J. Crombeen 60 1 2 2
2 Andrew Murray Nikolai Kulemin Stanislav Chistov 40 1 2 2
PowerPlay Defense
Defense Defense Time % Phy DF OF
1 Ryan Parent Vladimir Mihalik 60 1 2 2
2 Milan Jurcina Karl Alzner 40 1 2 2
Penalty Kill 4 Players Forward
Center Wing Time % Phy DF OF
1 B.J. Crombeen Ville Nieminen 60 1 2 2
2 Gilbert Brule Nikolai Kulemin 40 1 2 2
Penalty Kill 4 Players Defense
Defense Defense Time % Phy DF OF
1 Ryan Parent Vladimir Mihalik 60 1 2 2
2 Milan Jurcina Karl Alzner 40 1 2 2
Penalty Kill - 3 Players Forward
Forward Time % Phy DF OF
1 B.J. Crombeen 60 1 2 2
2 Ville Nieminen 40 1 2 2
Penalty Kill - 3 Players Defense
Defense Defense Time % Phy DF OF
1 Ryan Parent Vladimir Mihalik 60 1 2 2
2 Milan Jurcina Karl Alzner 40 1 2 2
4 vs 4 Forward
Center Wing Time % Phy DF OF
1 B.J. Crombeen Ville Nieminen 60 1 2 2
2 Gilbert Brule Nikolai Kulemin 40 1 2 2
4 vs 4 Defense
Defense Defense Time % Phy DF OF
1 Ryan Parent Vladimir Mihalik 60 1 2 2
2 Milan Jurcina Karl Alzner 40 1 2 2
Last Minutes Offensive
Center Left Wing Right Wing Defense Defense
Gilbert Brule Ville Nieminen B.J. Crombeen Ryan Parent Vladimir Mihalik
Last Minutes Defensive
Center Left Wing Right Wing Defense Defense
Gilbert Brule Ville Nieminen B.J. Crombeen Ryan Parent Vladimir Mihalik
Goaltenders
Starting : José Theodore
Backup : Jeff Deslauriers
Extra Forwards
Normal : Josh Hennessy, Jason King, Ryan Shannon - PP : Josh Hennessy, Jason King - PK : Ryan Shannon
Extra Defensemen
Normal : Shane Sims, Karl Alzner, Ryan Parent - PP : Shane Sims - PK : Karl Alzner, Ryan Parent
Penalty Shots
B.J. Crombeen, Ville Nieminen, Gilbert Brule, Nikolai Kulemin, Stanislav Chistov
Carnivores
5 vs 5 Forward
Center Left Wing Right Wing Time % Phy DF OF
1 Mikael Backlund Jeff Friesen Andy Miele 40 1 1 3
2 Manny Malhotra Blake Geoffrion Evgeny Dadonov 30 1 1 3
3 David Van Der Gulik Jeremy Welsh Chris Lawrence 20 1 2 2
4 Cal O'Reilly Christopher DiDomenico Tim Conboy 10 1 2 2
5 vs 5 Defense
Defense Defense Time % Phy DF OF
1 Josef Melichar Keith Aulie 40 1 2 2
2 Andrew Ference Bobby Sanguinetti 30 1 2 2
3 Chris Butler Phil Oreskovic 20 1 2 2
4 Andrew Ference Bobby Sanguinetti 10 0 2 3
PowerPlay Forward
Center Left Wing Right Wing Time % Phy DF OF
1 Mikael Backlund Jeff Friesen Andy Miele 60 0 1 4
2 Manny Malhotra Blake Geoffrion Evgeny Dadonov 40 0 1 4
PowerPlay Defense
Defense Defense Time % Phy DF OF
1 Andrew Ference Keith Aulie 60 0 2 3
2 Josef Melichar Bobby Sanguinetti 40 0 2 3
Penalty Kill 4 Players Forward
Center Wing Time % Phy DF OF
1 Jeff Friesen Chris Lawrence 50 1 3 1
2 Manny Malhotra Tim Conboy 50 1 3 1
Penalty Kill 4 Players Defense
Defense Defense Time % Phy DF OF
1 Josef Melichar Phil Oreskovic 50 1 3 1
2 Andrew Ference Keith Aulie 50 1 3 1
Penalty Kill - 3 Players Forward
Forward Time % Phy DF OF
1 Jeff Friesen 50 1 3 1
2 Manny Malhotra 50 1 3 1
Penalty Kill - 3 Players Defense
Defense Defense Time % Phy DF OF
1 Josef Melichar Phil Oreskovic 50 1 3 1
2 Andrew Ference Keith Aulie 50 1 3 1
4 vs 4 Forward
Center Wing Time % Phy DF OF
1 Manny Malhotra Andy Miele 50 1 1 3
2 Mikael Backlund Jeff Friesen 50 1 1 3
4 vs 4 Defense
Defense Defense Time % Phy DF OF
1 Josef Melichar Keith Aulie 50 1 2 2
2 Andrew Ference Bobby Sanguinetti 50 1 2 2
Last Minutes Offensive
Center Left Wing Right Wing Defense Defense
Mikael Backlund Jeff Friesen Andy Miele Andrew Ference Keith Aulie
Last Minutes Defensive
Center Left Wing Right Wing Defense Defense
Mikael Backlund Jeff Friesen Andy Miele Andrew Ference Keith Aulie
Goaltenders
Starting : Steve Mason
Backup : Josh Tordjman
Extra Forwards
Normal : Jeff Friesen, David Van Der Gulik, Evgeny Dadonov - PP : David Van Der Gulik, Jeff Friesen - PK : Blake Geoffrion
Extra Defensemen
Normal : Phil Oreskovic, Keith Aulie, Josef Melichar - PP : Phil Oreskovic - PK : Bobby Sanguinetti, Chris Butler
Penalty Shots
Jeff Friesen, Evgeny Dadonov, Andy Miele, David Van Der Gulik, Manny Malhotra
% Time on Ice - Icehogs
Lines # - Real PCT - Wanted PCT - Time Play
Normal Forward
1 - 38% - 40% - 15:59
2 - 22% - 30% - 9:19
3 - 23% - 20% - 9:48
4 - 16% - 10% - 6:54
Normal Defense
1 - 30% - 40% - 12:37
2 - 34% - 30% - 14:27
3 - 20% - 20% - 8:20
4 - 16% - 10% - 6:36
PP Forward
1 - 62% - 60% - 3:40
2 - 38% - 40% - 2:17
PP Defense
1 - 65% - 60% - 3:52
2 - 35% - 40% - 2:05
PK Forward
1 - 75% - 60% - 6:10
2 - 25% - 40% - 2:04
PK Defense
1 - 49% - 60% - 4:03
2 - 51% - 40% - 4:11
PK3 Forward
1 - 100% - 60% - 1:50
2 - 0% - 40% - 0:00
PK3 Defense
1 - 58% - 60% - 1:04
2 - 42% - 40% - 0:46
44 Forward
1 - 66% - 60% - 1:18
2 - 34% - 40% - 0:41
44 Defense
1 - 50% - 60% - 0:59
2 - 50% - 40% - 1:00
Last Minute Offensive - 0:00
Last Minute Defensive - 0:00
Total
Forward - 60:00
Defense - 60:00
|
% Time on Ice - Carnivores
Lines # - Real PCT - Wanted PCT - Time Play
Normal Forward
1 - 35% - 40% - 14:45
2 - 27% - 30% - 11:10
3 - 23% - 20% - 9:42
4 - 15% - 10% - 6:23
Normal Defense
1 - 42% - 40% - 17:41
2 - 29% - 30% - 12:07
3 - 25% - 20% - 10:29
4 - 4% - 10% - 1:43
PP Forward
1 - 50% - 60% - 5:03
2 - 50% - 40% - 5:01
PP Defense
1 - 59% - 60% - 5:54
2 - 41% - 40% - 4:10
PK Forward
1 - 50% - 50% - 2:58
2 - 50% - 50% - 2:59
PK Defense
1 - 50% - 50% - 2:57
2 - 50% - 50% - 3:00
PK3 Forward
1 - 0% - 50%
2 - 0% - 50%
PK3 Defense
1 - 0% - 50%
2 - 0% - 50%
44 Forward
1 - 44% - 50% - 0:52
2 - 56% - 50% - 1:07
44 Defense
1 - 50% - 50% - 1:00
2 - 50% - 50% - 0:59
Last Minute Offensive - 0:00
Last Minute Defensive - 0:00
Total
Forward - 60:00
Defense - 60:00
|
Play by Play
1st period
0:01 of 1st period - Gilbert Brule wins face-off versus Mikael Backlund in neutral zone.
0:37 of 1st period - Off-side.
0:38 of 1st period - Josh Hennessy wins face-off versus David Van Der Gulik in neutral zone.
1:12 of 1st period - Wrist shot by Ryan Shannon.
1:12 of 1st period - Stopped by Steve Mason without a rebound.
1:13 of 1st period - Mikael Backlund wins face-off versus Andrew Murray in Carnivores zone.
1:15 of 1st period - Icing by Jeff Friesen.
1:16 of 1st period - Andrew Murray wins face-off versus Mikael Backlund in Carnivores zone.
1:43 of 1st period - Manny Malhotra is hit by Vladimir Mihalik and loses puck.
1:55 of 1st period - Andrew Ference is hit by Vladimir Mihalik.
2:12 of 1st period - Icing by Jeremy Welsh.
2:13 of 1st period - David Van Der Gulik wins face-off versus Stanislav Chistov in Carnivores zone.
2:41 of 1st period - Snap shot by David Van Der Gulik.
2:41 of 1st period - Stopped by José Theodore with a rebound.
2:43 of 1st period - Snap shot by Chris Lawrence.
2:43 of 1st period - Stopped by José Theodore without a rebound.
2:44 of 1st period - Gilbert Brule wins face-off versus Mikael Backlund in Icehogs zone.
2:53 of 1st period - Snap shot by Gilbert Brule.
2:53 of 1st period - Stopped by Steve Mason without a rebound.
2:54 of 1st period - Gilbert Brule wins face-off versus Mikael Backlund in Carnivores zone.
4:19 of 1st period - Snap shot by Nikolai Kulemin.
4:19 of 1st period - Shot Misses the Net.
4:21 of 1st period - Snap shot by Shane Sims.
4:21 of 1st period - Shot Misses the Net.
4:33 of 1st period - Snap shot by Andy Miele.
4:33 of 1st period - Goal by Andy Miele - Icehogs : 0 - Carnivores : 1.
4:34 of 1st period - Manny Malhotra wins face-off versus Josh Hennessy in neutral zone.
4:43 of 1st period - Backhand shot by Blake Geoffrion.
4:43 of 1st period - Stopped by José Theodore with a rebound.
4:45 of 1st period - Slapshot by Andrew Ference.
4:45 of 1st period - Shot Blocked by Milan Jurcina.
5:58 of 1st period - Bobby Sanguinetti is hit by Andrew Murray and loses puck.
6:11 of 1st period - Vladimir Mihalik is hit by Andrew Ference and loses puck.
7:08 of 1st period - Bobby Sanguinetti is hit by B.J. Crombeen and loses puck.
7:29 of 1st period - Jason King is hit by Andy Miele and loses puck.
8:02 of 1st period - Andrew Ference is hit by Andrew Murray and loses puck.
8:35 of 1st period - Snap shot by Brett Sterling.
8:35 of 1st period - Stopped by Steve Mason without a rebound.
8:36 of 1st period - Manny Malhotra wins face-off versus Ryan Shannon in Carnivores zone.
8:36 of 1st period - Manny Malhotra is hit by Vladimir Mihalik.
8:42 of 1st period - Ryan Shannon is hit by Bobby Sanguinetti.
8:48 of 1st period - Slapshot by Blake Geoffrion.
8:48 of 1st period - Shot Blocked by Vladimir Mihalik.
9:28 of 1st period - Snap shot by Stanislav Chistov.
9:28 of 1st period - Stopped by Steve Mason with a rebound.
9:30 of 1st period - Wrist shot by Stanislav Chistov.
9:30 of 1st period - Stopped by Steve Mason with a rebound.
9:49 of 1st period - Snap shot by Josh Hennessy.
9:49 of 1st period - Stopped by Steve Mason with a rebound.
10:01 of 1st period - Snap shot by Gilbert Brule.
10:01 of 1st period - Shot Misses the Net.
10:29 of 1st period - Snap shot by Cal O'Reilly.
10:29 of 1st period - Stopped by José Theodore without a rebound.
10:30 of 1st period - Mikael Backlund wins face-off versus Gilbert Brule in Icehogs zone.
11:03 of 1st period - Snap shot by Andy Miele.
11:03 of 1st period - Stopped by José Theodore with a rebound.
11:23 of 1st period - Slapshot by B.J. Crombeen.
11:23 of 1st period - Shot Misses the Net.
11:37 of 1st period - Wrist shot by Andy Miele.
11:37 of 1st period - Stopped by José Theodore without a rebound.
11:38 of 1st period - Manny Malhotra wins face-off versus Andrew Murray in Icehogs zone.
11:39 of 1st period - Wrist shot by Evgeny Dadonov.
11:39 of 1st period - Shot Misses the Net.
11:47 of 1st period - Snap shot by Evgeny Dadonov.
11:47 of 1st period - Stopped by José Theodore with a rebound.
11:49 of 1st period - Snap shot by Andrew Ference.
11:49 of 1st period - Shot Blocked by Milan Jurcina.
11:51 of 1st period - Slapshot by Andrew Ference.
11:51 of 1st period - Stopped by José Theodore with a rebound.
11:53 of 1st period - Slapshot by Andrew Ference.
11:53 of 1st period - Shot Blocked by Milan Jurcina.
12:08 of 1st period - Chris Butler is hit by Jason King and loses puck.
12:13 of 1st period - Wrist shot by Josh Hennessy.
12:13 of 1st period - Stopped by Steve Mason with a rebound.
12:15 of 1st period - Snap shot by Milan Jurcina.
12:15 of 1st period - Deflect By Chris Butler.
12:15 of 1st period - Goal by Milan Jurcina - Icehogs : 1 - Carnivores : 1.
12:16 of 1st period - Andrew Murray wins face-off versus Manny Malhotra in neutral zone.
12:25 of 1st period - Slapshot by Stanislav Chistov.
12:25 of 1st period - Goal by Stanislav Chistov - Icehogs : 2 - Carnivores : 1.
12:26 of 1st period - Manny Malhotra wins face-off versus Andrew Murray in neutral zone.
12:29 of 1st period - Vladimir Mihalik is hit by Andrew Ference and loses puck.
13:20 of 1st period - Slapshot by Jason King.
13:20 of 1st period - Deflect By Josh Hennessy.
13:20 of 1st period - Shot Blocked by Bobby Sanguinetti.
13:20 of 1st period - Puck is out of play.
13:21 of 1st period - Manny Malhotra wins face-off versus Andrew Murray in Carnivores zone.
13:21 of 1st period - Manny Malhotra is hit by Stanislav Chistov.
13:28 of 1st period - Minor Penalty to Keith Aulie for Tripping.
13:28 of 1st period - Minor Penalty to Karl Alzner for Interference.
13:29 of 1st period - B.J. Crombeen wins face-off versus Manny Malhotra in Carnivores zone.
13:36 of 1st period - B.J. Crombeen is hit by Phil Oreskovic and loses puck.
13:57 of 1st period - Slapshot by Mikael Backlund.
13:57 of 1st period - Stopped by José Theodore with a rebound.
13:59 of 1st period - Slapshot by Andrew Ference.
13:59 of 1st period - Stopped by José Theodore with a rebound.
14:01 of 1st period - Snap shot by Jeff Friesen.
14:01 of 1st period - Deflect By Mikael Backlund.
14:01 of 1st period - Shot Misses the Net.
14:01 of 1st period - Puck is out of play.
14:02 of 1st period - Mikael Backlund wins face-off versus B.J. Crombeen in Icehogs zone.
14:39 of 1st period - Slapshot by Mikael Backlund.
14:39 of 1st period - Stopped by José Theodore with a rebound.
14:45 of 1st period - Slapshot by Mikael Backlund.
14:45 of 1st period - Shot Blocked by Milan Jurcina.
14:47 of 1st period - Snap shot by Jeff Friesen.
14:47 of 1st period - Shot Misses the Net.
14:49 of 1st period - Snap shot by Andrew Ference.
14:49 of 1st period - Stopped by José Theodore with a rebound.
14:51 of 1st period - Slapshot by Bobby Sanguinetti.
14:51 of 1st period - Stopped by José Theodore without a rebound.
14:52 of 1st period - Manny Malhotra wins face-off versus B.J. Crombeen in Icehogs zone.
15:28 of 1st period - Penalty to Keith Aulie is over, Keith Aulie is back on ice.
15:28 of 1st period - Penalty to Karl Alzner is over, Karl Alzner is back on ice.
15:39 of 1st period - Wrist shot by Travis Moen.
15:39 of 1st period - Deflect By Jason King.
15:39 of 1st period - Shot Misses the Net.
15:39 of 1st period - Puck is out of play.
15:40 of 1st period - Chris Lawrence wins face-off versus Josh Hennessy in Carnivores zone.
15:57 of 1st period - Andrew Ference is hit by Vladimir Mihalik and loses puck.
16:04 of 1st period - Slapshot by Travis Moen.
16:04 of 1st period - Shot Misses the Net.
16:06 of 1st period - Slapshot by Jason King.
16:06 of 1st period - Shot Misses the Net.
16:08 of 1st period - Slapshot by Karl Alzner.
16:08 of 1st period - Shot Misses the Net.
16:10 of 1st period - Snap shot by Jason King.
16:10 of 1st period - Stopped by Steve Mason with a rebound.
16:12 of 1st period - Slapshot by Karl Alzner.
16:12 of 1st period - Shot Blocked by Bobby Sanguinetti.
16:14 of 1st period - Wrist shot by Josh Hennessy.
16:14 of 1st period - Stopped by Steve Mason with a rebound.
16:16 of 1st period - Slapshot by Jason King.
16:16 of 1st period - Deflect By Travis Moen.
16:16 of 1st period - Goal by Travis Moen - Icehogs : 3 - Carnivores : 1.
16:17 of 1st period - Mikael Backlund wins face-off versus Gilbert Brule in neutral zone.
16:31 of 1st period - Wrist shot by Gilbert Brule.
16:31 of 1st period - Stopped by Steve Mason with a rebound.
16:33 of 1st period - Wrist shot by B.J. Crombeen.
16:33 of 1st period - Shot Misses the Net.
16:43 of 1st period - Manny Malhotra is hit by Andrew Murray and loses puck.
17:06 of 1st period - Andrew Ference is hit by Jason King and loses puck.
17:11 of 1st period - Snap shot by Josh Hennessy.
17:11 of 1st period - Stopped by Steve Mason with a rebound.
17:13 of 1st period - Slapshot by Josh Hennessy.
17:13 of 1st period - Shot Misses the Net.
17:27 of 1st period - Bobby Sanguinetti is hit by Chris Mueller and loses puck.
17:34 of 1st period - Slapshot by Vladimir Mihalik.
17:34 of 1st period - Shot Blocked by David Van Der Gulik.
17:36 of 1st period - Wrist shot by Ryan Shannon.
17:36 of 1st period - Shot Misses the Net.
17:48 of 1st period - Mikael Backlund is hit by Vladimir Mihalik and loses puck.
18:09 of 1st period - Jeff Friesen is hit by Milan Jurcina.
18:33 of 1st period - Ryan Parent is hit by Manny Malhotra and loses puck.
19:00 of 1st period - Jeremy Welsh is hit by Karl Alzner.
19:39 of 1st period - Minor Penalty to Keith Aulie for Roughing.
19:40 of 1st period - Gilbert Brule wins face-off versus Jeff Friesen in Carnivores zone.
2nd period
0:01 of 2nd period - Gilbert Brule wins face-off versus Jeff Friesen in neutral zone.
0:22 of 2nd period - B.J. Crombeen is hit by Chris Lawrence and loses puck.
0:39 of 2nd period - Backhand shot by Gilbert Brule.
0:39 of 2nd period - Shot Misses the Net.
0:41 of 2nd period - Snap shot by B.J. Crombeen.
0:41 of 2nd period - Shot Misses the Net.
0:43 of 2nd period - Slapshot by Vladimir Mihalik.
0:43 of 2nd period - Deflect By B.J. Crombeen.
0:43 of 2nd period - Shot Blocked by Chris Lawrence.
0:43 of 2nd period - Puck is out of play.
0:44 of 2nd period - Manny Malhotra wins face-off versus Andrew Murray in Carnivores zone.
1:39 of 2nd period - Penalty to Keith Aulie is over, Keith Aulie is back on ice.
1:42 of 2nd period - Off-side.
1:43 of 2nd period - Josh Hennessy wins face-off versus Mikael Backlund in neutral zone.
2:03 of 2nd period - Minor Penalty to Jeremy Welsh for Charging.
2:04 of 2nd period - Gilbert Brule wins face-off versus Tim Conboy in Carnivores zone.
2:23 of 2nd period - Backhand shot by Jeff Friesen.
2:23 of 2nd period - Deflect By Chris Lawrence.
2:23 of 2nd period - Stopped by José Theodore with a rebound.
3:50 of 2nd period - Josef Melichar is hit by Ryan Parent and loses puck.
4:03 of 2nd period - Penalty to Jeremy Welsh is over, Jeremy Welsh is back on ice.
4:24 of 2nd period - Icing by Travis Moen.
4:25 of 2nd period - Mikael Backlund wins face-off versus Josh Hennessy in Icehogs zone.
4:34 of 2nd period - Wrist shot by Jason King.
4:34 of 2nd period - Deflect By Travis Moen.
4:34 of 2nd period - Goal by Travis Moen - Icehogs : 4 - Carnivores : 1.
4:34 of 2nd period - Josh Tordjman enters game.
4:35 of 2nd period - Mikael Backlund wins face-off versus Gilbert Brule in neutral zone.
4:42 of 2nd period - Snap shot by Jeff Friesen.
4:42 of 2nd period - Shot Misses the Net.
5:00 of 2nd period - Jeff Friesen is hit by Jason King and loses puck.
5:10 of 2nd period - Icing by Bobby Sanguinetti.
5:11 of 2nd period - Gilbert Brule wins face-off versus Mikael Backlund in Carnivores zone.
5:24 of 2nd period - Wrist shot by Gilbert Brule.
5:24 of 2nd period - Shot Blocked by Andrew Ference.
5:26 of 2nd period - Slapshot by Karl Alzner.
5:26 of 2nd period - Shot Misses the Net.
6:02 of 2nd period - Slapshot by Evgeny Dadonov.
6:02 of 2nd period - Shot Misses the Net.
6:04 of 2nd period - Wrist shot by Josef Melichar.
6:04 of 2nd period - Shot Blocked by Vladimir Mihalik.
6:10 of 2nd period - Snap shot by Blake Geoffrion.
6:10 of 2nd period - Shot Misses the Net.
6:30 of 2nd period - Snap shot by David Van Der Gulik.
6:30 of 2nd period - Stopped by José Theodore without a rebound.
6:31 of 2nd period - Manny Malhotra wins face-off versus Andrew Murray in Icehogs zone.
6:34 of 2nd period - Wrist shot by Evgeny Dadonov.
6:34 of 2nd period - Stopped by José Theodore without a rebound.
6:35 of 2nd period - Manny Malhotra wins face-off versus Stanislav Chistov in Icehogs zone.
6:36 of 2nd period - Slapshot by Evgeny Dadonov.
6:36 of 2nd period - Goal by Evgeny Dadonov - Icehogs : 4 - Carnivores : 2.
6:37 of 2nd period - Mikael Backlund wins face-off versus Gilbert Brule in neutral zone.
7:52 of 2nd period - Icing by Ryan Shannon.
7:53 of 2nd period - Mikael Backlund wins face-off versus Chris Mueller in Icehogs zone.
9:07 of 2nd period - Wrist shot by Andrew Murray.
9:07 of 2nd period - Stopped by Josh Tordjman without a rebound.
9:08 of 2nd period - Gilbert Brule wins face-off versus Evgeny Dadonov in Carnivores zone.
9:21 of 2nd period - Manny Malhotra is hit by B.J. Crombeen and loses puck.
9:38 of 2nd period - Off-side.
9:39 of 2nd period - Josh Hennessy wins face-off versus Mikael Backlund in neutral zone.
9:53 of 2nd period - Minor Penalty to Travis Moen for Cross-checking.
9:54 of 2nd period - Jeff Friesen wins face-off versus B.J. Crombeen in Icehogs zone.
10:49 of 2nd period - Jeff Friesen is hit by Karl Alzner and loses puck.
11:12 of 2nd period - Keith Aulie is hit by Gilbert Brule.
11:31 of 2nd period - Milan Jurcina is hit by Blake Geoffrion and loses puck.
11:53 of 2nd period - Penalty to Travis Moen is over, Travis Moen is back on ice.
12:10 of 2nd period - Snap shot by B.J. Crombeen.
12:10 of 2nd period - Shot Blocked by Phil Oreskovic.
12:12 of 2nd period - Slapshot by Karl Alzner.
12:12 of 2nd period - Shot Blocked by Chris Butler.
12:14 of 2nd period - Wrist shot by Ville Nieminen.
12:14 of 2nd period - Stopped by Josh Tordjman with a rebound.
12:16 of 2nd period - Slapshot by Milan Jurcina.
12:16 of 2nd period - Shot Misses the Net.
12:18 of 2nd period - Snap shot by Ville Nieminen.
12:18 of 2nd period - Shot Misses the Net.
12:20 of 2nd period - Slapshot by Milan Jurcina.
12:20 of 2nd period - Stopped by Josh Tordjman with a rebound.
12:22 of 2nd period - Snap shot by Ville Nieminen.
12:22 of 2nd period - Shot Misses the Net.
12:35 of 2nd period - Off-side.
12:36 of 2nd period - David Van Der Gulik wins face-off versus Chris Mueller in neutral zone.
12:48 of 2nd period - Backhand shot by Chris Lawrence.
12:48 of 2nd period - Stopped by José Theodore without a rebound.
12:49 of 2nd period - Chris Mueller wins face-off versus Mikael Backlund in Icehogs zone.
13:14 of 2nd period - Slapshot by Andrew Ference.
13:14 of 2nd period - Shot Misses the Net.
13:16 of 2nd period - Wrist shot by Chris Lawrence.
13:16 of 2nd period - Goal by Chris Lawrence - Icehogs : 4 - Carnivores : 3.
13:17 of 2nd period - Manny Malhotra wins face-off versus Josh Hennessy in neutral zone.
13:30 of 2nd period - Wrist shot by Manny Malhotra.
13:30 of 2nd period - Shot Misses the Net.
13:32 of 2nd period - Wrist shot by Josef Melichar.
13:32 of 2nd period - Deflect By Blake Geoffrion.
13:32 of 2nd period - Shot Misses the Net.
13:32 of 2nd period - Puck is out of play.
13:33 of 2nd period - Gilbert Brule wins face-off versus Mikael Backlund in Icehogs zone.
13:39 of 2nd period - Off-side.
13:40 of 2nd period - Gilbert Brule wins face-off versus Mikael Backlund in neutral zone.
13:42 of 2nd period - Off-side.
13:43 of 2nd period - Andy Miele wins face-off versus Gilbert Brule in neutral zone.
13:50 of 2nd period - Andy Miele is hit by Gilbert Brule and loses puck.
13:57 of 2nd period - Slapshot by Josef Melichar.
13:57 of 2nd period - Shot Blocked by Vladimir Mihalik.
13:59 of 2nd period - Wrist shot by Jeff Friesen.
13:59 of 2nd period - Stopped by José Theodore without a rebound.
14:00 of 2nd period - Stanislav Chistov wins face-off versus Manny Malhotra in Icehogs zone.
14:15 of 2nd period - Snap shot by Evgeny Dadonov.
14:15 of 2nd period - Deflect By Blake Geoffrion.
14:15 of 2nd period - Shot Misses the Net.
14:15 of 2nd period - Puck is out of play.
14:16 of 2nd period - Mikael Backlund wins face-off versus Gilbert Brule in Icehogs zone.
14:21 of 2nd period - Wrist shot by Jeff Friesen.
14:21 of 2nd period - Stopped by José Theodore without a rebound.
14:22 of 2nd period - Gilbert Brule wins face-off versus Mikael Backlund in Icehogs zone.
14:36 of 2nd period - Snap shot by Andy Miele.
14:36 of 2nd period - Shot Misses the Net.
14:38 of 2nd period - Wrist shot by Andy Miele.
14:38 of 2nd period - Shot Blocked by Nikolai Kulemin.
14:48 of 2nd period - Slapshot by Ryan Parent.
14:48 of 2nd period - Shot Misses the Net.
15:00 of 2nd period - Ville Nieminen is hit by Blake Geoffrion.
15:27 of 2nd period - Minor Penalty to Brett Sterling for Hooking.
15:28 of 2nd period - B.J. Crombeen wins face-off versus Mikael Backlund in Icehogs zone.
15:46 of 2nd period - Vladimir Mihalik is hit by Andrew Ference and loses puck.
17:20 of 2nd period - Bobby Sanguinetti is hit by B.J. Crombeen and loses puck.
17:27 of 2nd period - Penalty to Brett Sterling is over, Brett Sterling is back on ice.
17:34 of 2nd period - Jason King is hit by Bobby Sanguinetti and loses puck.
17:41 of 2nd period - Tim Conboy is hit by Josh Hennessy and loses puck.
17:56 of 2nd period - Snap shot by David Van Der Gulik.
17:56 of 2nd period - Deflect By Chris Lawrence.
17:56 of 2nd period - Shot Misses the Net.
17:56 of 2nd period - Puck is out of play.
17:57 of 2nd period - Chris Mueller wins face-off versus David Van Der Gulik in Icehogs zone.
18:04 of 2nd period - Minor Penalty to Karl Alzner for Holding.
18:05 of 2nd period - B.J. Crombeen wins face-off versus Mikael Backlund in Icehogs zone.
18:05 of 2nd period - B.J. Crombeen is hit by Keith Aulie.
18:52 of 2nd period - Andy Miele is hit by Milan Jurcina and loses puck.
19:22 of 2nd period - Brett Sterling is hit by Jeff Friesen and loses puck.
3rd period
0:01 of 3rd period - Mikael Backlund wins face-off versus B.J. Crombeen in neutral zone.
0:04 of 3rd period - Penalty to Karl Alzner is over, Karl Alzner is back on ice.
0:15 of 3rd period - Slapshot by Andy Miele.
0:15 of 3rd period - Stopped by José Theodore without a rebound.
0:16 of 3rd period - Gilbert Brule wins face-off versus Manny Malhotra in Icehogs zone.
0:21 of 3rd period - Andrew Ference is hit by Ryan Parent and loses puck.
0:42 of 3rd period - Andrew Murray is hit by Bobby Sanguinetti and loses puck.
0:49 of 3rd period - Slapshot by David Van Der Gulik.
0:49 of 3rd period - Stopped by José Theodore without a rebound.
0:50 of 3rd period - Gilbert Brule wins face-off versus Mikael Backlund in Icehogs zone.
0:58 of 3rd period - Off-side.
0:59 of 3rd period - Mikael Backlund wins face-off versus Gilbert Brule in neutral zone.
1:27 of 3rd period - Minor Penalty to Gilbert Brule for Slashing.
1:28 of 3rd period - B.J. Crombeen wins face-off versus Evgeny Dadonov in Icehogs zone.
1:36 of 3rd period - Minor Penalty to B.J. Crombeen for Hooking.
1:37 of 3rd period - Ryan Shannon wins face-off versus Mikael Backlund in Icehogs zone.
3:09 of 3rd period - Icing by Manny Malhotra.
3:10 of 3rd period - Ryan Shannon wins face-off versus Evgeny Dadonov in Carnivores zone.
3:18 of 3rd period - Icing by Andrew Ference.
3:19 of 3rd period - Ryan Shannon wins face-off versus Manny Malhotra in Carnivores zone.
3:20 of 3rd period - Snap shot by Milan Jurcina.
3:20 of 3rd period - Stopped by Josh Tordjman with a rebound.
3:27 of 3rd period - Penalty to Gilbert Brule is over, Gilbert Brule is back on ice.
3:36 of 3rd period - Penalty to B.J. Crombeen is over, B.J. Crombeen is back on ice.
4:16 of 3rd period - Snap shot by Andrew Ference.
4:16 of 3rd period - Shot Misses the Net.
4:18 of 3rd period - Slapshot by Keith Aulie.
4:18 of 3rd period - Deflect By Blake Geoffrion.
4:18 of 3rd period - Shot Misses the Net.
4:18 of 3rd period - Puck is out of play.
4:19 of 3rd period - Josh Hennessy wins face-off versus Mikael Backlund in Icehogs zone.
4:19 of 3rd period - Josh Hennessy is hit by Mikael Backlund.
4:27 of 3rd period - Jeff Friesen is hit by Milan Jurcina and loses puck.
4:34 of 3rd period - Snap shot by Jason King.
4:34 of 3rd period - Shot Blocked by Jeff Friesen.
4:44 of 3rd period - Milan Jurcina is hit by Chris Lawrence and loses puck.
5:19 of 3rd period - Andrew Murray is hit by Chris Lawrence and loses puck.
5:57 of 3rd period - Snap shot by Cal O'Reilly.
5:57 of 3rd period - Shot Misses the Net.
5:59 of 3rd period - Slapshot by Phil Oreskovic.
5:59 of 3rd period - Stopped by José Theodore with a rebound.
6:01 of 3rd period - Slapshot by Chris Butler.
6:01 of 3rd period - Deflect By Cal O'Reilly.
6:01 of 3rd period - Shot Misses the Net.
6:01 of 3rd period - Puck is out of play.
6:02 of 3rd period - Mikael Backlund wins face-off versus Gilbert Brule in Icehogs zone.
6:07 of 3rd period - Snap shot by Jeff Friesen.
6:07 of 3rd period - Shot Blocked by Milan Jurcina.
6:30 of 3rd period - Slapshot by Ryan Shannon.
6:30 of 3rd period - Stopped by Josh Tordjman with a rebound.
6:46 of 3rd period - Slapshot by Manny Malhotra.
6:46 of 3rd period - Shot Blocked by Vladimir Mihalik.
7:00 of 3rd period - Slapshot by Andrew Ference.
7:00 of 3rd period - Shot Misses the Net.
7:01 of 3rd period - Minor Penalty to Jeremy Welsh for Hooking.
7:02 of 3rd period - Gilbert Brule wins face-off versus Jeff Friesen in Carnivores zone.
8:11 of 3rd period - Slapshot by Josef Melichar.
8:11 of 3rd period - Stopped by José Theodore with a rebound.
9:01 of 3rd period - Penalty to Jeremy Welsh is over, Jeremy Welsh is back on ice.
9:23 of 3rd period - Slapshot by Bobby Sanguinetti.
9:23 of 3rd period - Shot Misses the Net.
9:25 of 3rd period - Wrist shot by Jeff Friesen.
9:25 of 3rd period - Stopped by José Theodore with a rebound.
9:27 of 3rd period - Snap shot by Bobby Sanguinetti.
9:27 of 3rd period - Stopped by José Theodore with a rebound.
9:33 of 3rd period - Wrist shot by Blake Geoffrion.
9:33 of 3rd period - Deflect By Jeremy Welsh.
9:33 of 3rd period - Shot Blocked by Jason King.
9:33 of 3rd period - Puck is out of play.
9:34 of 3rd period - Andrew Murray wins face-off versus Cal O'Reilly in Icehogs zone.
10:11 of 3rd period - Bobby Sanguinetti is hit by Brett Sterling and loses puck.
10:24 of 3rd period - Keith Aulie is hit by Nikolai Kulemin and loses puck.
11:23 of 3rd period - Travis Moen is hit by Mikael Backlund and loses puck.
11:32 of 3rd period - Icing by Phil Oreskovic.
11:33 of 3rd period - Mikael Backlund wins face-off versus Andrew Murray in Carnivores zone.
11:48 of 3rd period - Wrist shot by Ville Nieminen.
11:48 of 3rd period - Shot Blocked by Evgeny Dadonov.
11:57 of 3rd period - Minor Penalty to Milan Jurcina for Hooking.
11:58 of 3rd period - B.J. Crombeen wins face-off versus Mikael Backlund in Icehogs zone.
13:57 of 3rd period - Penalty to Milan Jurcina is over, Milan Jurcina is back on ice.
14:12 of 3rd period - Off-side.
14:13 of 3rd period - Chris Mueller wins face-off versus Chris Lawrence in neutral zone.
14:20 of 3rd period - Snap shot by Ryan Shannon.
14:20 of 3rd period - Deflect By Brett Sterling.
14:20 of 3rd period - Shot Misses the Net.
14:20 of 3rd period - Puck is out of play.
14:21 of 3rd period - David Van Der Gulik wins face-off versus Chris Mueller in Carnivores zone.
14:44 of 3rd period - Slapshot by David Van Der Gulik.
14:44 of 3rd period - Stopped by José Theodore with a rebound.
14:52 of 3rd period - Wrist shot by Brett Sterling.
14:52 of 3rd period - Deflect By Chris Mueller.
14:52 of 3rd period - Stopped by Josh Tordjman with a rebound.
14:54 of 3rd period - Slapshot by Vladimir Mihalik.
14:54 of 3rd period - Stopped by Josh Tordjman with a rebound.
14:56 of 3rd period - Backhand shot by Chris Mueller.
14:56 of 3rd period - Stopped by Josh Tordjman with a rebound.
14:58 of 3rd period - Snap shot by Ryan Shannon.
14:58 of 3rd period - Stopped by Josh Tordjman without a rebound.
14:59 of 3rd period - Gilbert Brule wins face-off versus Mikael Backlund in Carnivores zone.
15:35 of 3rd period - Andrew Ference is hit by Travis Moen and loses puck.
16:22 of 3rd period - Wrist shot by Evgeny Dadonov.
16:22 of 3rd period - Shot Misses the Net.
16:44 of 3rd period - Slapshot by Karl Alzner.
16:44 of 3rd period - Deflect By Keith Aulie.
16:44 of 3rd period - Stopped by Josh Tordjman with a rebound.
17:04 of 3rd period - Wrist shot by Jason King.
17:04 of 3rd period - Stopped by Josh Tordjman with a rebound.
17:08 of 3rd period - Wrist shot by Jason King.
17:08 of 3rd period - Stopped by Josh Tordjman with a rebound.
17:10 of 3rd period - Snap shot by Jason King.
17:10 of 3rd period - Shot Misses the Net.
17:12 of 3rd period - Slapshot by Vladimir Mihalik.
17:12 of 3rd period - Stopped by Josh Tordjman with a rebound.
17:34 of 3rd period - Gilbert Brule is hit by Blake Geoffrion and loses puck.
17:47 of 3rd period - Snap shot by Gilbert Brule.
17:47 of 3rd period - Stopped by Josh Tordjman with a rebound.
17:55 of 3rd period - Snap shot by Stanislav Chistov.
17:55 of 3rd period - Shot Misses the Net.
17:57 of 3rd period - Slapshot by Andrew Murray.
17:57 of 3rd period - Goal by Andrew Murray - Icehogs : 5 - Carnivores : 3.
17:58 of 3rd period - Josh Hennessy wins face-off versus David Van Der Gulik in neutral zone.
18:25 of 3rd period - Andy Miele is hit by Gilbert Brule and loses puck.
18:44 of 3rd period - Josef Melichar is hit by Stanislav Chistov and loses puck.
Output by the SimonT Hockey Simulator (STHS) for François Prévost -- Original Page W3C XHTML 1.0 Valid